AoeStats
← ElHuguidro

Arabia

509249173Analyzed
1v1 RM · 4d ago on Sep 26, 2026· 25m 26s· 2 players
Game mode
Random Map
Map size
Tiny (2 player)
Population
200
Speed
Normal
Resources
Standard
Victory
Conquest
Starting age
Dark Age
Ending age
Imperial Age
RankedLock teamsTeams togetherTeam positionsShared explorationLock speedFull tech treeHidden civsTurbo modeCheats
Victory
Defeat
🇦🇷 Bulgarians · Argentina
1041
+16
🇹🇼 Mapuche · Taiwan
1048
-16
ElHuguidro
6:49 Loom
9:45 Feudal Age
16:54 Double-Bit Axe
20:42 Castle Age
19:11 Fletching
19:52 Stone Mining
21:54 Wheelbarrow
22:19 Bodkin Arrow
雞丁變但丁
7:58 Loom
9:44 Feudal Age
10:23 Feudal Age
13:24 Champi Runner
14:08 Double-Bit Axe
14:03 Horse Collar
14:13 Horse Collar
20:12 Wheelbarrow
23:45 Castle Age
21:47 Fletching
22:53 Gold Mining
Connection lost

Rejoining the realm…

Still unreachable

The connection could not be restored.

Session expired

The server has moved on; the page needs a fresh start.